 Dungeon Crawl Stone Soup version 0.30.0 (webtiles) character file.

Game seed: 6179814493634289064

748 Ayyar the Covert (level 7, -18/47 HPs)
             Began as an Octopode Brigand on June 14, 2023.
             Demolished by an ogre
             ... wielding a +0 giant club
              (21 damage)
             ... on level 5 of the Dungeon.
             The game lasted 00:14:26 (4258 turns).

Ayyar the Covert (Octopode Brigand)                 Turns: 4258, Time: 00:14:26

Health: -18/47     AC:  3    Str: 12    XL:     7   Next: 77%
Magic:  7/7        EV: 14    Int: 14    God:
Gold:   186        SH:  5    Dex: 13    Spells: 6/6 levels left

rFire   . . .        t - +2 dagger (flame)
rCold   . . .        (no shield)
rNeg    + . .        o - +2 hat
rPois   .            v - amulet of reflection
rElec   .            A - ring of positive energy
rCorr   .            B - ring of willpower
SInv    .            (no ring)
Will    +....        (no ring)
Stlth   +++++        (no ring)
HPRegen 0.27/turn    (no ring)
MPRegen 0.10/turn    (no ring)
                     (no ring)

%: reflection
@: no status effects
A: almost no armour, amphibious, 8 rings, camouflage 1, gelatinous body 1,
(nimble swimmer 1), tentacles
a: no special abilities


You were on level 5 of the Dungeon.
You visited 1 branch of the dungeon, and saw 5 of its levels.

You collected 216 gold pieces.
You spent 30 gold pieces at shops.

Inventory:

Hand Weapons
 a - a +2 dagger
 t - a +2 dagger of flaming (weapon)
 y - a +1 dagger of venom
Missiles
 b - 24 poisoned darts (quivered)
 c - 3 curare-tipped darts
 g - 5 datura-tipped darts
 i - 2 javelins
 u - 4 boomerangs of dispersal
Armour
 o - a +2 hat (worn)
 G - a +2 kite shield
Jewellery
 v - an amulet of reflection (around mantle)
 A - a ring of positive energy (left tentacle)
 B - a ring of willpower (right tentacle)
 C - a ring of wizardry
 F - a ring of fire
Wands
 s - a wand of digging (8)
Scrolls
 d - 7 scrolls of identify {unknown}
 f - a scroll of vulnerability {unknown}
 h - a scroll of silence {unknown}
 j - 3 scrolls of immolation {unknown}
 l - a scroll of enchant weapon {unknown}
 q - 2 scrolls of magic mapping {unknown}
 r - 2 scrolls of fear {unknown}
 x - a scroll of amnesia {unknown}
 D - 2 scrolls of teleportation {unknown}
Potions
 e - a potion of degeneration {unknown}
 k - 3 potions of mutation {unknown}
 m - 2 potions of flight {unknown}
 n - a potion of resistance {unknown}
 p - 7 potions of heal wounds {unknown}
 w - a potion of brilliance {unknown}
 z - a potion of attraction
 E - a potion of berserk rage {unknown}


   Skills:
 + Level 3.9 Fighting
 + Level 3.7 Short Blades
 + Level 3.8 Throwing
 + Level 3.4 Dodging
 * Level 8.7 Stealth


You had 6 spell levels left.
You didn't know any spells.
Your spell library contained the following spells:

 Spells                   Type           Power      Damage    Failure   Level
 Portal Projectile        Hex/Tloc       0%         N/A       65%         3
 Tukima's Dance           Hex            0%         N/A       65%         3
 Vhi's Electric Charge    Tloc/Air       0%         N/A       65%         3
 Arcjolt                  Conj/Air       0%         1d10      100%        5
 Blade Hands              Tmut           0%         N/A       100%        5
 Plasma Beam              Fire/Air       0%         2x1d11    100%        6


Dungeon Overview and Level Annotations

Branches:
Dungeon (5/15)
 Temple: D:4-7

Altars:
Fedhas
Kikubaaqudgha
Makhleb
Qazlal
Vehumet

Shops:
D:2 *   D:3 *   D:5 (

Annotations:
D:5 2 runed translucent doors, caramel's ghost, amateur GnWn


Innate Abilities, Weirdness & Mutations

You cannot wear most types of armour.
You are amphibious.
You can wear up to eight rings at the same time.
Your skin changes colour to match your surroundings (Stealth+).
Your rubbery body absorbs attacks. (AC +1, EV +1)
((You are camouflaged when in or above water. (Stealth+)))
You have tentacles for arms and can constrict up to eight enemies at once.


Message History

The scorpion stings you but does no damage.
You hit the scorpion. You burn the scorpion.
The scorpion is almost dead.
You constrict the scorpion.
You feel sick. The scorpion misses you.
You hit the scorpion but do no damage.
The scorpion is almost dead.
You constrict the scorpion.
You kill the scorpion!
You feel sick.
You feel sick.
You see here a scorpion corpse.
You start resting.
You feel sick. x4
You are no longer poisoned.
You start resting.
HP restored.
You open the door.
There is an open door here.
There is an escape hatch in the floor here.
You enter the shallow water.
You enter the deep water.
You enter the shallow water.
An ogre comes into view. It is wielding a +0 giant club.
Found Ginnidd's Antique Weapon Boutique.
The ogre hits you with a +0 giant club!
You hit the ogre. You burn the ogre.
The ogre is lightly wounded.
The ogre closely misses you.
You hit the ogre. You burn the ogre. You squeeze the ogre.
The ogre is heavily wounded.
You hit the ogre. You burn the ogre. You squeeze the ogre!
The ogre is almost dead.
The ogre hits you with a +0 giant club!!
Ouch! That really hurt!
* * * LOW HITPOINT WARNING * * *
You closely miss the ogre.
The ogre is almost dead.
You completely miss the ogre. Your squeeze misses the ogre.
The ogre is almost dead.
The ogre hits you with a +0 giant club!!
You die...

#..#.####.##
#######..#...(....
#.............#.##
#.########.####.#
#.# #.# #.## #.#
#.# #... #.#
#.####### #.#
#......#. #@#
######.#.
#.O...#########.#.
#....∩..........#.
#####....######.#.
.###......'. #
#.######.
.........
#.#.###..
#........


You could see an ogre.

Vanquished Creatures
  A black bear (D:5)
  2 scorpions
  A jelly (D:4)
  2 orc priests (D:3)
  A hound (D:5)
  A gnoll bouda (D:5)
  2 sleepcaps
  Robin (D:3)
  4 gnolls (D:5)
  5 adders
  An ufetubus (D:5)
  2 worms
  2 dart slugs
  4 orcs
  4 ball pythons
  7 bats
  5 endoplasms
  13 giant cockroaches
  16 goblins
  4 hobgoblins
  3 jackals (D:2)
  5 kobolds
  3 quokkas
  2 frilled lizards
  5 rats
96 creatures vanquished.

Vanquished Creatures (collateral kills)
  3 goblins (D:3)
3 creatures vanquished.

Vanquished Creatures (others)
  Sigmund (D:3)
  4 fungi (D:2)
  A plant (D:2)
6 creatures vanquished.

Grand Total: 105 creatures vanquished

Notes
Turn   | Place    | Note
-------+----------+-------------------------------------------
     0 | D:1      | Ayyar the Octopode Brigand began the quest for the Orb.
     0 | D:1      | Reached XP level 1. HP: 14/14 MP: 1/1
   623 | D:2      | Reached XP level 2. HP: 18/19 MP: 2/2
   775 | D:2      | Reached XP level 3. HP: 21/24 MP: 3/3
   891 | D:2      | Found Otoasy's Assorted Antiques.
   975 | D:2      | Reached skill level 6 in Stealth
   992 | D:2      | Reached XP level 4. HP: 16/30 MP: 4/4
  1009 | D:2      | Found a faded altar of an unknown god.
  1676 | D:3      | Noticed Sigmund
  1685 | D:3      | Noticed Robin
  1687 | D:3      | Killed Sigmund
  1688 | D:3      | Reached skill level 7 in Stealth
  1688 | D:3      | Reached XP level 5. HP: 24/36 MP: 5/5
  1715 | D:3      | Killed Robin
  1716 | D:3      | Reached XP level 6. HP: 18/42 MP: 6/6
  1852 | D:3      | Found an ancient bone altar of Kikubaaqudgha.
  2089 | D:3      | Found Kuplad's General Store.
  2137 | D:3      | Bought a potion of attraction for 30 gold pieces
  2969 | D:4      | Found a radiant altar of Vehumet.
  2970 | D:4      | Found a blossoming altar of Fedhas.
  3006 | D:4      | Found a burning altar of Makhleb.
  3088 | D:4      | Reached XP level 7. HP: 24/46 MP: 7/7
  3364 | D:5      | Entered Level 5 of the Dungeon
  3387 | D:5      | Reached skill level 8 in Stealth
  3553 | D:5      | Found a large runed translucent door.
  3554 | D:5      | Found a large runed translucent door.
  3554 | D:5      | Noticed caramel's ghost (amateur GnWn)
  3979 | D:5      | Found a stormy altar of Qazlal.
  4253 | D:5      | Found Ginnidd's Antique Weapon Boutique.
  4256 | D:5      | HP: 2/47 [ogre/+0 giant club (29)]
  4258 | D:5      | Demolished by an ogre

Illustrated notes

Levels and vault maps discovered:
D:1:      giann_horns, layout_basic
D:2:      minmay_roachtagon, layout_basic, serial_shops,
          nicolae_shop_back_alley_shop, shapermc_ecumenical_altar_acropolis
D:3:      layout_basic, mainiacjoe_overflow_paths, serial_shops, shop,
          st_stairs_14, uniq_robin, uniq_sigmund
D:4:      layout_gridville, lightli_temple_of_fire,
          gammafunk_temple_overflow_statue
D:5:      layout_basic, serial_shops, nicolae_square_shop,
          ebering_ghost_disaster_area, chequers_serial_rivers_large_a,
          kennysheep_small_circle

Skill      XL: |  1  2  3  4  5  6  7 |
---------------+----------------------+-----
Stealth        | 6 7 8 |  8.7
Fighting       | 3 |  3.9
Dodging        | 2 3 |  3.4
Throwing       | 3 |  3.8
Short Blades   | 3 |  3.7

Action                     |  1- 3 |  4- 6 |  7- 9 || total
---------------------------+-------+-------+-------++-------
  Melee: Dagger            |    62 |    90 |    52 ||   204
         Constrict         |    15 |    23 |    10 ||    48
         Tentacles         |    13 |    18 |    11 ||    42
         Punch             |       |     2 |     1 ||     3
  Throw: Dart              |       |     2 |       ||     2
   Stab: Sleeping          |    15 |    13 |     2 ||    30
         Distracted        |     2 |     1 |       ||     3
 Armour: Skin              |     8 |     9 |     4 ||    21
  Dodge: Dodged            |    24 |    33 |    20 ||    77
  Block: Other             |       |     6 |     4 ||    10
